 Dungeon Crawl Stone Soup version 0.29.1-2-gbd0b4ee654 (webtiles) character file.

Game seed: 13441196229798809307

12679 LustLizard the Destroyer (level 11, -21/67 (74) HPs)
             Began as an Octopode Air Elementalist on Dec 1, 2022.
             Was a Priest of Vehumet.
             Killed from afar by Nergalle (26 damage)
             ... with a bolt of negative energy
             ... on level 10 of the Dungeon.
             The game lasted 00:35:34 (16095 turns).

LustLizard the Destroyer (OpAE)                    Turns: 16095, Time: 00:35:34

HP:   -21/67 (74)   AC:  7    Str:  8    XL:     11   Next: 97%
MP:   2/23          EV: 13    Int: 29    God:    Vehumet [***...]
Gold: 409           SH:  5    Dex: 12    Spells: 0/26 levels left

rFire   . . .      SeeInvis +   w - +1 morningstar of the Desert {flame, Int+7}
rCold   . . .      Faith    .   (no shield)
rNeg    . . .      Spirit   .   q - +2 hat
rPois   .          Reflect  +   v - amulet of reflection
rElec   .          Harm     .   l - ring of see invisible
rCorr   .          Rampage  .   E - +4 ring of protection
Will    .....                   (no ring)
Stlth   +++.......              (no ring)
HPRegen 0.21/turn               (no ring)
MPRegen 0.18/turn               (no ring)
                                (no ring)
                                (no ring)

@: swift, drained, very quick
A: almost no armour, amphibious, 8 rings, camouflage 1, gelatinous body 1,
(nimble swimmer 1), tentacles
a: Renounce Religion


You were on level 10 of the Dungeon.
You worshipped Vehumet.
Vehumet was most pleased with you.
You visited 1 branch of the dungeon, and saw 10 of its levels.

You collected 496 gold pieces.
You spent 87 gold pieces at shops.

Inventory:

Hand Weapons
 c - a +3 spear of flaming
 w - the +1 morningstar of the Desert (weapon) {flame, Int+7}
   (You found it on level 4 of the Dungeon)

   It burns those it strikes, dealing additional fire damage.
   Int:       It affects your intelligence (+7).
Missiles
 x - 18 poisoned darts
Armour
 q - a +2 hat (worn)
 I - a +0 buckler
Jewellery
 l - a ring of see invisible (left tentacle)
 v - an amulet of reflection (around mantle)
 E - a +4 ring of protection (right tentacle)
Wands
 z - a wand of paralysis (5)
 A - a wand of flame (18)
 F - a wand of acid (7)
Scrolls
 d - 2 scrolls of teleportation {unknown}
 g - 3 scrolls of enchant armour
 h - 2 scrolls of brand weapon
 i - a scroll of amnesia {unknown}
 n - a scroll of torment {unknown}
 p - 4 scrolls of noise
 r - a scroll of acquirement {unknown}
 t - a scroll of magic mapping {unknown}
 u - 2 scrolls of enchant weapon
 y - 3 scrolls of fog
 B - 2 scrolls of vulnerability {unknown}
 C - 2 scrolls of fear {unknown}
 D - a scroll of silence {unknown}
 G - 2 scrolls of poison {unknown}
 H - a scroll of summoning
 J - a scroll of identify
 K - a scroll of immolation
Potions
 a - 2 potions of magic
 b - 4 potions of haste
 e - a potion of might
 f - a potion of ambrosia
 j - 5 potions of curing
 k - 2 potions of brilliance
 m - 3 potions of invisibility
 o - 3 potions of flight
 s - 2 potions of attraction
 L - a potion of lignification {unknown}


   Skills:
 + Level 6.4 Fighting
 + Level 3.0 Dodging
 + Level 4.2 Stealth
 * Level 1.4 Shields
 + Level 8.2 Spellcasting
 * Level 9.4 Conjurations
 - Level 3.9 Summonings
 - Level 7.0 Translocations
 - Level 6.1 Air Magic
 * Level 6.3 Earth Magic


You couldn't memorise any spells.
You knew the following spells:

 Your Spells              Type           Power      Damage    Failure   Level
a - Shock                 Conj/Air       100%       1d9       1%          1
b - Swiftness             Air            47%        N/A       1%          3
c - Airstrike             Air            23%        2d(4-20)  1%          4
d - Iskenderun's Mystic   Conj/Tloc      56%        2d12      1%          4
e - Summon Forest         Summ/Tloc      21%        N/A       13%         5
f - Iron Shot             Conj/Erth      27%        9d6       7%          6
g - Mephitic Cloud        Conj/Pois/Air  42%        N/A       1%          3

Your spell library contained the following spells:

 Spells                   Type           Power      Damage    Failure   Level
 Passwall                 Tmut/Erth      25%        N/A       1%          2
 Static Discharge         Conj/Air       54%        3-10/arc  1%          2
 Dazzling Flash           Conj/Hex       78%        N/A       1%          3
 Gell's Gravitas          Tloc           51%        N/A       1%          3
 Lesser Beckoning         Tloc           51%        N/A       1%          3
 Teleport Other           Tloc           51%        N/A       1%          3
 Fulminant Prism          Conj/Hex       19%        3d11      1%          4
 Lee's Rapid Deconstruct  Erth           24%        3d14*     2%          5
 Necrotise                Necr           44%        1d6       4%          1
 Irradiate                Conj/Tmut      19%        3d18      5%          5
 Ensorcelled Hibernation  Hex/Ice        22%        N/A       7%          2
 Sublimation of Blood     Necr           11%        N/A       7%          2
 Petrify                  Tmut/Erth      30%        N/A       12%         4
 Vampiric Draining        Necr           11%        2d6       14%         3
 Starburst                Conj/Fire      19%        6d7       24%         6
 Dispersal                Tloc           25%        N/A       36%         6
 Agony                    Necr           11%        N/A       77%         5
 Blade Hands              Tmut           5%         N/A       77%         5
 Animate Armour           Summ/Erth      Unusable   N/A       N/A         4

Dungeon Overview and Level Annotations

Branches:
Dungeon (10/15)            Temple (0/1) D:7            Lair (0/5) D:9
    Orc: D:9-12

Altars:
Cheibriados
Kikubaaqudgha
Nemelex Xobeh
Ru
Sif Muna
Trog
Uskayaw
Vehumet
Wu Jian
Xom
The Shining One

Shops:
D:3 [   D:4 *:*[   D:8 (

Annotations:
D:10 Nergalle


Innate Abilities, Weirdness & Mutations

You cannot wear most types of armour.
You are amphibious.
You can wear up to eight rings at the same time.
Your skin changes colour to match your surroundings (Stealth+).
Your rubbery body absorbs attacks. (AC +1, EV +1)
((You are camouflaged when in or above water. (Stealth+)))
You have tentacles for arms and can constrict up to eight enemies at once.


Message History

The spectral orc knight hits you with a +2 long sword!
Nergalle hits you with a +0 dagger of electrocution.
The spectral orc warrior barely misses you.
Unknown command.
Aiming: Shock (safe; 1% risk of failure)
Press: ? - help, Q - select action, (/) - cycle Shift-Dir - straight line, f/p - Nergalle
Aim: Nergalle, wielding a +0 dagger of electrocution and wearing a +0 robe (heavily wounded, 71% to hit)
Okay, then.
Casting: Shock (safe; 1% risk of failure)
Confirm with . or Enter, or press ? or * to list all spells.
Aiming: Iron Shot (dangerous; 7% risk of failure)
Press: ? - help, Shift-Dir - straight line, f/p - Nergalle
Aim: Nergalle, wielding a +0 dagger of electrocution and wearing a +0 robe (heavily wounded, 68% to hit)
The iron shot hits Nergalle!!
Nergalle is almost dead.
The spectral orc knight barely misses you.
Nergalle casts a spell at you. The bolt of negative energy hits you!!
You feel drained.
* * * LOW HITPOINT WARNING * * *
The spectral orc warrior misses you.
Nergalle points at you and mumbles some strange words.
The bolt of negative energy hits the spectral orc knight.
The spectral orc knight completely resists.
The bolt of negative energy misses you.
Casting: Iron Shot (dangerous; 7% risk of failure)
Confirm with . or Enter, or press ? or * to list all spells.
Okay, then.
Casting: Iron Shot (dangerous; 7% risk of failure)
Confirm with . or Enter, or press ? or * to list all spells.
You feel quick.
The spectral orc knight hits you with a +2 long sword!
* * * LOW HITPOINT WARNING * * *
Nergalle points at you and mumbles some strange words.
Orcish apparitions take form around you.
Nergalle says, "THAT's why.
How awful.
You!"
Nergalle gestures at you while chanting.
The bolt of negative energy hits the spectral orc knight.
The spectral orc knight completely resists.
The bolt of negative energy hits you!!
You feel drained.
You die...

#.#............####
#...............#..
#.................#
...###................##
.......................
#.###...............###
.......
#.###.#............####
.......
#..#..##)..............
.......
#....@..........######
.......
###..).......#.##
....... #..#..........#
....... #Z##.........##
.......####.##........##
.......Zo.o.####.###.##
.^.?..Z###.......# #.#
......) ##.....## #.#
....... ...#..# ..#


You could see Nergalle and a spectral orc knight (summoned).

Vanquished Creatures
  A two-headed ogre (D:6)
  2 death yaks (D:9)
  Urug (D:10)
  A wizard (D:9)
  2 gargoyles
  Maggie (D:7)
  Prince Ribbit (D:8)
  6 yaks (D:8)
  A shadow (D:7)
  A wraith (D:8)
  9 humans (D:8)
  A steam dragon (D:8)
  Edmund (D:6)
  3 water moccasins
  5 large abominations (D:9)
  2 orc warriors (D:8)
  3 sky beasts
  A black bear (D:7)
  2 ice beasts (D:7)
  4 centaurs
  2 kobold brigands (D:7)
  4 bullfrogs
  A gnoll sergeant (D:8)
  A necrophage (D:4)
  4 scorpions
  17 wights
  5 killer bees
  A howler monkey (D:4)
  7 small abominations
  4 jellies
  7 hounds
  8 orc priests
  An iron imp (D:8)
  Jessica (D:3)
  4 iguanas
  2 orc wizards
  A hell rat (D:9)
  8 adders
  4 gnolls (D:8)
  A river rat (D:9)
  A shadow imp (D:6)
  2 white imps
  An ufetubus (D:5)
  3 worms
  2 dart slugs
  26 orcs
  7 endoplasms
  3 giant cockroaches
  11 goblins
  8 hobgoblins
  2 jackals
  7 kobolds
  5 quokkas
  6 ball pythons
  4 bats
  3 frilled lizards (D:1)
  7 rats
229 creatures vanquished.

Notes
Turn   | Place    | Note
-------+----------+-------------------------------------------
     0 | D:1      | LustLizard the Octopode Air Elementalist began the quest
                  | for the Orb.
     0 | D:1      | Reached XP level 1. HP: 11/11 MP: 3/3
   340 | D:1      | Reached XP level 2. HP: 17/17 MP: 0/5
  1308 | D:2      | Reached XP level 3. HP: 21/21 MP: 1/6
  1312 | D:2      | Learned a level 3 spell: Swiftness
  2062 | D:3      | Found Ojuutzat's Armour Emporium.
  2084 | D:3      | Noticed Jessica
  2186 | D:3      | Reached skill level 2 in Conjurations
  2186 | D:3      | Reached XP level 4. HP: 27/27 MP: 1/7
  2195 | D:3      | Learned a level 4 spell: Airstrike
  2912 | D:3      | Reached XP level 5. HP: 31/31 MP: 6/9
  3516 | D:3      | Killed Jessica
  3686 | D:4      | Found Lioxtunt's General Store.
  3699 | D:4      | Found Xobb's Book Boutique.
  3717 | D:4      | Reached skill level 5 in Air Magic
  3717 | D:4      | Reached XP level 6. HP: 5/36 MP: 7/10
  3989 | D:4      | Reached skill level 3 in Conjurations
  4052 | D:4      | Found Naotse's Assorted Antiques.
  4056 | D:4      | Bought a scroll labelled MIPYXO JOOSICH for 29 gold pieces
  4056 | D:4      | Bought a scroll labelled GIUBLY OBLABB for 29 gold pieces
  4056 | D:4      | Bought a scroll labelled BITAWI XAMALEERGHU for 29 gold
                  | pieces
  4193 | D:4      | Found Wism's Antique Armour Boutique.
  4232 | D:4      | Got the Quarto of Translocation
  4515 | D:4      | Reached XP level 7. HP: 41/41 MP: 6/12
  4868 | D:4      | Identified the +1 morningstar of the Desert {flame, Int+7}
  4876 | D:4      | Learned a level 4 spell: Iskenderun's Mystic Blast
  4932 | D:5      | Entered Level 5 of the Dungeon
  5081 | D:5      | Reached skill level 4 in Conjurations
  5081 | D:5      | Reached skill level 1 in Translocations
  5262 | D:5      | Found an ornate altar of the Wu Jian Council.
  5445 | D:5      | Identified the +3 robe of Qeiddovaw {rN+ Regen+}
  6088 | D:6      | Reached XP level 8. HP: 14/46 MP: 4/14
  6392 | D:6      | Noticed a two-headed ogre
  6396 | D:6      | Killed a two-headed ogre
  6397 | D:6      | Reached skill level 5 in Spellcasting
  6397 | D:6      | Reached skill level 5 in Conjurations
  6593 | D:6      | Reached skill level 1 in Fighting
  6595 | D:6      | Reached XP level 9. HP: 53/53 MP: 0/17
  6739 | D:6      | Noticed Edmund
  6743 | D:6      | Killed Edmund
  6744 | D:6      | Reached skill level 6 in Conjurations
  6868 | D:6      | Found a radiant altar of Vehumet.
  6873 | D:6      | Found a bloodstained altar of Trog.
  6966 | D:6      | Became a worshipper of Vehumet
  7381 | D:6      | Reached skill level 5 in Translocations
  8578 | D:7      | Noticed Maggie
  8710 | D:7      | Learned a level 5 spell: Summon Forest
  8816 | D:7      | Found a staircase to the Ecumenical Temple.
  8947 | D:7      | Killed Maggie
  8948 | D:7      | Reached skill level 1 in Summonings
  9176 | D:7      | Reached XP level 10. HP: 63/63 MP: 12/20
  9455 | D:7      | Reached * piety under Vehumet
  9455 | D:7      | Offered knowledge of Sandblast by Vehumet.
  9993 | D:8      | Found a snail-covered altar of Cheibriados.
 10291 | D:8      | Found an ancient bone altar of Kikubaaqudgha.
 10395 | D:8      | Learned a level 6 spell: Iron Shot
 10562 | D:8      | Reached skill level 7 in Conjurations
 10564 | D:8      | Reached skill level 1 in Earth Magic
 11123 | D:8      | Reached skill level 5 in Fighting
 11132 | D:8      | Offered knowledge of Scorch by Vehumet.
 11135 | D:8      | Reached ** piety under Vehumet
 11437 | D:8      | Found a glowing golden altar of the Shining One.
 11495 | D:8      | Noticed Prince Ribbit
 11500 | D:8      | Killed Prince Ribbit
 11501 | D:8      | Reached XP level 11. HP: 72/72 MP: 16/22
 11547 | D:8      | Found Tenk's Antique Weapon Shoppe.
 11613 | D:8      | Reached skill level 8 in Conjurations
 12871 | D:9      | Found a hide-covered altar of Uskayaw.
 13025 | D:9      | Found a shimmering blue altar of Sif Muna.
 13208 | D:9      | Found a sparkling altar of Nemelex Xobeh.
 13373 | D:9      | Noticed a death yak
 13376 | D:9      | Noticed a death yak
 13378 | D:9      | Noticed a death yak
 13597 | D:9      | Found a shimmering altar of Xom.
 13697 | D:9      | Found a staircase to the Lair.
 13941 | D:9      | Found a sacrificial altar of Ru.
 14046 | D:9      | Noticed a wizard
 14049 | D:9      | Killed a wizard
 14050 | D:9      | Reached skill level 5 in Earth Magic
 14120 | D:9      | Noticed a large abomination
 14123 | D:9      | Offered knowledge of Mephitic Cloud by Vehumet.
 14123 | D:9      | Noticed a large abomination
 14607 | D:9      | Killed a death yak
 14815 | D:9      | Killed a death yak
 14816 | D:9      | Reached skill level 9 in Conjurations
 15035 | D:9      | Killed a large abomination
 15359 | D:9      | Learned a level 3 spell: Mephitic Cloud
 15640 | D:9      | Killed a large abomination
 15640 | D:9      | Reached *** piety under Vehumet
 15731 | D:10     | Entered Level 10 of the Dungeon
 15770 | D:10     | Noticed Urug
 15777 | D:10     | Killed Urug
 15778 | D:10     | Reached skill level 1 in Shields
 16081 | D:10     | Noticed Nergalle
 16095 | D:10     | Killed from afar by Nergalle

Illustrated notes

Levels and vault maps discovered:
D:1:      lemuel_arrival_lava_pool, layout_loops_ring, kennysheep_small_spiral,
          minmay_misc_feat_ornament, minmay_tromino_v7
D:2:      layout_rooms
D:3:      minmay_skewed_foursquare, layout_loops_ring, serial_shops,
          nicolae_shop_advertising_works [nicolae_subvault_shop_adworks],
          grunt_ministairs_9, uniq_jessica
D:4:      layout_basic, serial_shops, shop_statue, kennysheep_mini_moat,
          nicolae_shop_stone, shop, serial_corexii_hall, corexii_hall_statues_s,
          chequers_hall_statues_y, columned_hall_lemuel, st_stairs_4
D:5:      layout_basic, mainiacjoe_overflow_alcove_1, st_stairs_4
D:6:      layout_basic, nicolae_vehumet_radiance, bloody_trog, uniq_edmund
D:7:      minmay_bubble_buster, layout_cave_pods,
          minmay_temple_entry_antechambers, uniq_maggie
D:8:      erik_cavepeople, layout_basic, slow_altar_1,
          mainiacjoe_overflow_chevrons, nicolae_tso_swordbearing_angel,
          serial_shops, nicolae_lakefront_shop, serial_glass, glass_columns_b,
          glass_columns_b, uniq_prince_ribbit1
D:9:      layout_layer_cave, mainiacjoe_overflow_small_starburst,
          mainiacjoe_overflow_concentric_impassable, marbit_many_paths,
          mainiacjoe_overflow_catch_the_wave, dpeg_lair_monsters, laboratory
D:10:     layout_rooms, nicolae_dithmenos_shadow_blocks, david_orc_4, uniq_urug,
          uniq_nergalle

Skill      XL: |  1  2  3  4  5  6  7  8  9 10 11 |
---------------+----------------------------------+-----
Conjurations   | 2 3 4 5 6 7 9 |  9.4
Air Magic      | 4 5 6 |  6.1
Spellcasting   | 3 4 5 6 7 8 |  8.2
Translocations | 2 4 6 7 |  7.0
Fighting       | 1 4 5 6 |  6.4
Summonings     | 2 3 |  3.9
Earth Magic    | 3 6 |  6.3
Stealth        | 4 |  4.2
Shields        | 1 |  1.4
Dodging        | 3 |  3.0

Action                   |  1- 3 |  4- 6 |  7- 9 | 10-12 || total
-------------------------+-------+-------+-------+-------++-------
Melee: Spear             |    12 |    26 |     2 |       ||    40
       Constrict         |     2 |     7 |     2 |     8 ||    19
       Tentacles         |     1 |     6 |     1 |    20 ||    28
       Morningstar       |       |       |     3 |    66 ||    69
       Punch             |       |       |       |     3 ||     3
 Cast: Shock             |    68 |    72 |   142 |   109 ||   391
       Airstrike         |       |       |    36 |    77 ||   113
       Iskenderun's Myst |       |       |       |    53 ||    53
       Swiftness         |       |       |       |     5 ||     5
       Iron Shot         |       |       |       |     3 ||     3
  Use: Scroll            |     2 |       |     5 |     8 ||    15
       Potion            |       |     1 |       |     1 ||     2
 Stab: Sleeping          |     3 |       |       |       ||     3
Armor: Skin              |     1 |     1 |     3 |    23 ||    28
Dodge: Dodged            |     2 |     9 |    12 |    72 ||    95
Block: Other             |       |       |     2 |    27 ||    29
       Reflection        |       |       |       |     2 ||     2
